 Dungeon Crawl Stone Soup version 0.25-a0-2-g6559c6c67a (webtiles) character file.

Game seed: 14729257718918595987, levelgen mode: deterministic

92 Arixos the Charmwright (level 4, -3/23 HPs)
             Began as a Vine Stalker Skald on Oct 14, 2019.
             Killed by nerve-wracking pain
             ... invoked by Grinder
              (12 damage)
             ... on level 3 of the Dungeon.
             The game lasted 00:06:36 (2527 turns).

Arixos the Charmwright (Vine Stalker Skald)         Turns: 2527, Time: 00:06:37

Health: -3/23      AC:  6    Str: 14    XL:     4   Next: 60%
Magic:  0/9        EV: 11    Int: 13    God:
Gold:   57         SH:  3    Dex: 14    Spells: 0/8 levels left

rFire    . . .     SeeInvis .   a - +1 falchion
rCold    . . .     Gourm    .   f - +0 buckler
rNeg     . . .     Faith    .   b - +0 leather armour
rPois    .         Spirit   +   (no helmet)
rElec    .         Reflect  .   (no cloak)
rCorr    .         Harm     .   (no gloves)
MR       .....                  m - +2 pair of boots
Stlth    +.........             (no amulet)
HPRegen  1.47/turn              (no ring)
MPRegen  0.11/turn              (no ring)

@: shrouded, regenerating (expiring)
A: fangs 2, regeneration 1, magic shield, antimagic bite, no potion heal 3, rot
immunity
a: no special abilities


You were on level 3 of the Dungeon.
You were not hungry.

You visited 1 branch of the dungeon, and saw 3 of its levels.

You collected 57 gold pieces.

Inventory:

Hand Weapons
 a - a +1 falchion (weapon)
Armour
 b - a +0 leather armour (worn)
 f - a +0 buckler (worn)
 m - a +2 pair of boots (worn)
Scrolls
 g - 4 scrolls of remove curse
 i - a scroll of enchant weapon
 k - a scroll of magic mapping {unknown}
Potions
 c - a potion of agility {unknown}
 e - a potion of degeneration {unknown}
 h - a potion of invisibility {unknown}
 j - 2 potions of lignification {unknown}


   Skills:
 + Level 2.3 Fighting
 + Level 2.3 Long Blades
 - Level 0.7 Armour
 + Level 2.0 Dodging
 * Level 0.2 Shields
 + Level 2.7 Spellcasting
 + Level 3.4 Charms
 + Level 0.6 Necromancy
 + Level 1.0 Translocations


You couldn't memorise any spells.
You knew the following spells:

 Your Spells              Type           Power        Failure   Level  Hunger
a - Song of Slaying       Chrm           ##......     19%         2    ###....
b - Infusion              Chrm           ##..         12%         1    #......
r - Regeneration          Chrm/Necr      #.........   54%         3    ###....
s - Shroud of Golubria    Chrm/Tloc      #.....       30%         2    ###....

Your spell library contained the following spells:

 Spells                   Type           Power        Failure   Level  Hunger
 Spectral Weapon          Hex/Chrm       #.......     58%         3    ###....


Dungeon Overview and Level Annotations

Branches:
Dungeon (3/15)

Altars:

Annotations:
D:3 Grinder


Innate Abilities, Weirdness & Mutations

You have extremely sharp teeth.
Your natural rate of healing is unusually fast.
When hurt, damage is shared between your health and your magic reserves.
Your bite disrupts and absorbs the magic of your enemies.
Potions cannot restore your health.
You are immune to rotting.


Message History

Your skin crawls.
You are starving!
Grinder barely misses you.
You riposte.
You hit Grinder but do no damage.
Grinder is lightly wounded.
You eat the ration.
That ration really hit the spot!
Grinder falters for a moment.
You hit Grinder.
Grinder is lightly wounded.
Grinder hits you but does no damage.
You hit Grinder. You bite Grinder, but do no damage.
Grinder is lightly wounded.
Your skin is crawling a little less now.
Grinder hits you!
You writhe in agony.
You hit Grinder but do no damage. You bite Grinder.
Grinder's magic leaks into the air.
You drain her magic.
You feel invigorated.
Grinder is lightly wounded.
Grinder gestures at you. Pain shoots through your body!
Ouch! That really hurt!
You die...

#(# ..# # ##..### #. .......
#.## ..!.... .# ...#.5.># #.#
#....#############.#
#..###.#.#...#.#.#.#
######...5@.#...#...#...#
#...###...#...#.#.#...#.#
#.#.#######...#.#.#...#.#
#.#.........#...#...#...#
#.#######.#.#.#...#.#.#.#
#######.# #.#############.#
..#.....# #....#.#####....#
#.#.############.............##
#...................####.....#


You could see Grinder.

Vanquished Creatures
  4 adders
  3 worms
  2 leopard geckos (D:2)
  2 ball pythons
  4 bats
  3 giant cockroaches
  7 goblins
  6 hobgoblins
  A quokka (D:2)
  3 frilled lizards
  7 kobolds
  5 rats
47 creatures vanquished.

Notes
Turn   | Place    | Note
-------+----------+-------------------------------------------
     0 | D:1      | Arixos the Vine Stalker Skald began the quest for the Orb.
     0 | D:1      | Reached XP level 1. HP: 11/11 MP: 4/4
   435 | D:1      | Reached XP level 2. HP: 7/15 MP: 6/6
   439 | D:1      | Learned a level 2 spell: Shroud of Golubria
   997 | D:1      | You fall into a shaft and drop 1 floor!
  1009 | D:2      | Reached XP level 3. HP: 15/18 MP: 5/7
  1014 | D:2      | Learned a level 3 spell: Regeneration
  1733 | D:2      | Gained mutation: Your natural rate of healing is unusually
                  | fast. [Vine Stalker growth]
  1733 | D:2      | Reached XP level 4. HP: 23/23 MP: 3/8
  1753 | D:2      | Learned a level 2 spell: Song of Slaying
  2367 | D:3      | Reached skill level 1 in Translocations
  2517 | D:3      | Noticed Grinder
  2527 | D:3      | Killed from afar by Grinder

Levels and vault maps discovered:
D:1:      nicolae_arrival_washed_ashore, layout_basic
D:2:      layout_basic
D:3:      layout_basic, lemuel_crystal_altar, portal_sewer_entry_d,
          minmay_misc_feat_alley, minivault_24, minivault_5, uniq_grinder

Skill      XL: |  1  2  3  4 |
---------------+-------------+-----
Long Blades    | 2 |  2.3
Fighting       | 2 |  2.3
Dodging        | 2 |  2.0
Translocations | 1 |  1.0
Armour         | |  0.7
Shields        | |  0.2
Spellcasting   | |  2.7
Charms         | |  3.4
Necromancy     | |  0.6

Action                   |  1- 3 |  4- 6 || total
-------------------------+-------+-------++-------
Melee: Falchion          |   100 |    44 ||   144
       Bite              |    34 |    17 ||    51
 Cast: Shroud of Golubri |     9 |     8 ||    17
       Regeneration      |       |     1 ||     1
  Use: Scroll            |       |     6 ||     6
  Eat: Chunk             |     4 |     1 ||     5
       Ration            |       |     1 ||     1
Armor: Leather armour    |    23 |     5 ||    28
Dodge: Dodged            |    87 |    25 ||   112
Block: Buckler           |       |     4 ||     4
       Rpst.: Falchion   |    29 |     9 ||    38

Table legend:
 A = Non-vault XP
 B = Vault XP
 C = Vault XP percentage of total XP
 D = Non-vault monster count
 E = Vault monster count
 F = Vault count percentage of total count
                 A         B        C        D         E       F
            +---------+---------+-------+---------+---------+-------
      Total |     132 |       0 |   0.0 |      47 |       0 |   0.0
            +---------+---------+-------+---------+---------+-------
        D:1 |      32 |       0 |   0.0 |      20 |       0 |   0.0
        D:2 |      66 |       0 |   0.0 |      22 |       0 |   0.0
        D:3 |      34 |       0 |   0.0 |       5 |       0 |   0.0
            +---------+---------+-------+---------+---------+-------
